 Dungeon Crawl Stone Soup version 0.23.2-33-g5129a83184 (webtiles) character file.

Game seed: 5407182765996666404

298 FishyPogo the Shield-Bearer (level 6, -2/43 HPs)
             Began as a Halfling Fighter on Aug 4, 2019.
             Was an Initiate of Gozag.
             Slain by an ogre
             ... wielding a cursed -1 giant club
              (13 damage)
             ... on level 4 of the Dungeon.
             The game lasted 00:20:02 (3224 turns).

FishyPogo the Shield-Bearer (Halfling Fighter)      Turns: 3224, Time: 00:20:02

Health: -2/43      AC:  9    Str: 18    XL:     6   Next: 63%
Magic:  6/6        EV: 15    Int:  6    God:    Gozag
Gold:   230        SH: 11    Dex: 20    Spells: 5/5 levels left

rFire    . . .     SeeInvis +   a - +0 rapier
rCold    . . .     Gourm    .   c - +0 shield
rNeg     . . .     Faith    .   k - +0 scale mail
rPois    .         Spirit   .   q - +1 helmet {SInv}
rElec    .         Reflect  .   (no cloak)
rCorr    .         Harm     .   (no gloves)
MR       .....                  (no boots)
Stlth    +.........             (no amulet)
HPRegen  0.14/turn              (no ring)
MPRegen  0.10/turn              (no ring)

@: agile, lethally poisoned (-2 -> -3), flying
A: small, mutation resistance 1
a: Potion Petition, Call Merchant, Bribe Branch, Renounce Religion


You were on level 4 of the Dungeon.
You worshipped Gozag.
Gozag was aware of your devotion.
You were near starving.

You visited 1 branch of the dungeon, and saw 4 of its levels.

You collected 281 gold pieces.
You paid 51 gold pieces to Gozag.

Inventory:

Hand Weapons
 a - a +0 rapier (weapon)
 b - a +0 hunting sling
Missiles
 e - 45 sling bullets
 p - 67 stones (quivered)
Armour
 c - a +0 shield (worn)
 g - a +1 robe of positive energy
 k - a +0 scale mail (worn)
 q - a +1 helmet of see invisible (worn)
 s - a +2 hat
Scrolls
 h - 2 scrolls of identify {unknown}
 j - 2 scrolls of remove curse {unknown}
 n - 2 scrolls of teleportation {unknown}
 o - 2 scrolls of random uselessness {unknown}
Potions
 d - a potion of might
 m - a potion of heal wounds
Comestibles
 f - 6 rations


   Skills:
 * Level 3.9 Fighting
 + Level 3.9 Short Blades
 + Level 2.3 Slings
 * Level 4.5 Armour
 - Level 1.0 Dodging
 * Level 4.6 Shields


You had 5 spell levels left.
You didn't know any spells.
Your spell library was empty.

Dungeon Overview and Level Annotations

Branches:
Dungeon (4/15)
 Temple: D:4-7

Altars:
Dithmenos
Gozag
Qazlal

Annotations:
D:2 3 exclusions


Innate Abilities, Weirdness & Mutations

You are small and have problems with some larger weapons.
You are somewhat resistant to further mutation.


Message History

The worker ant bites you but does no damage.
You completely miss the worker ant.
The worker ant is heavily wounded.
The worker ant bites you but does no damage.
The ogre hits you but does no damage.
You hit the worker ant.
The worker ant is severely wounded.
You block the worker ant's attack.
The ogre hits you with a cursed -1 giant club!!
Ouch! That really hurt!
* * * LOW HITPOINT WARNING * * *
The worker ant bites you but does no damage.
It was a potion of magic.
Magic courses through your body. You block the worker ant's attack.
It was a potion of agility.
You feel agile all of a sudden.
You feel sick.
The ogre hits you with a cursed -1 giant club!
You die...
Your body crumbles into a pile of gold.

#####............#.......#
....#............#
....######+#.....#
...........#.....#
...........#.....# .
...........#.....# ..
....######'#.?...# ...
....#............# ....
#####...........@# ?....
..P.........Oa#......
..P♣..........'..O...
..PPP.........#...... .
#.#####...♣.♣.♣.♣..
#.....#...........
#.....'...♣.♣.♣.♣..
#.....#.....#.... .
#.....#.....# ....


You could see an ogre and a worker ant.

Vanquished Creatures
  A centaur (D:4)
  A crimson imp (D:4)
  10 adders
  2 oozes
  A dart slug (D:2)
  3 worms
  2 leopard geckos
  A ball python (D:1)
  12 bats
  4 giant cockroaches
  6 goblins
  9 hobgoblins
  2 jackals (D:2)
  A quokka (D:2)
  9 frilled lizards
  5 kobolds
  11 rats
80 creatures vanquished.

Vanquished Creatures (others)
  A plant (D:4)
1 creature vanquished.

Grand Total: 81 creatures vanquished

Notes
Turn   | Place    | Note
-------+----------+-------------------------------------------
     0 | D:1      | FishyPogo the Halfling Fighter began the quest for the Orb.
     0 | D:1      | Reached XP level 1. HP: 15/15 MP: 1/1
   139 | D:1      | Reached XP level 2. HP: 20/20 MP: 2/2
   241 | D:1      | Reached skill level 1 in Dodging
   314 | D:1      | Reached XP level 3. HP: 25/25 MP: 3/3
   769 | D:2      | Found a stormy altar of Qazlal.
   908 | D:2      | Reached XP level 4. HP: 31/31 MP: 4/4
   971 | D:2      | Noticed an ogre
  1043 | D:2      | Reached skill level 1 in Slings
  1349 | D:2      | Reached XP level 5. HP: 31/36 MP: 5/5
  2392 | D:3      | Found a shadowy altar of Dithmenos.
  2510 | D:3      | Found an opulent altar of Gozag.
  2518 | D:3      | Became a worshipper of Gozag Ym Sagoz the Greedy
  2929 | D:4      | Reached XP level 6. HP: 42/43 MP: 6/6
  3207 | D:4      | Noticed an ogre
  3224 | D:4      | Slain by an ogre

Skill      XL: |  1  2  3  4  5  6 |
---------------+-------------------+-----
Short Blades   | 3 |  3.9
Dodging        | 1 |  1.0
Fighting       | 3 |  3.9
Slings         | 1 2 |  2.3
Shields        | 4 |  4.6
Armour         | 4 |  4.5

Action                   |  1- 3 |  4- 6 || total
-------------------------+-------+-------++-------
Melee: Rapier            |    89 |   156 ||   245
       Hunting sling     |       |     6 ||     6
 Fire: Hunting sling     |    18 |   111 ||   129
Throw: Stone             |       |     2 ||     2
  Use: Potion            |       |     4 ||     4
  Eat: Chunk             |       |     6 ||     6
Armor: Scale mail        |    32 |    78 ||   110
Dodge: Dodged            |    29 |    74 ||   103
Block: Shield            |    47 |   121 ||   168
